AoeStats
← Noobjoker

Black Forest

507975722Analyzed
4v4 RM · 11d ago on Sep 20, 2026· 18m 21s· 8 players
Game mode
Random Map
Map size
Large (8 player)
Population
200
Speed
Normal
Resources
Standard
Victory
Conquest
Starting age
Dark Age
Ending age
Imperial Age
RankedLock teamsTeams togetherTeam positionsShared explorationLock speedFull tech treeHidden civsTurbo modeCheats
Victory
Defeat
🇨🇦 Slavs · Canada
1372
+13
🇦🇺 Ethiopians · Australia
1367
+13
🇹🇼 Khmer · Taiwan
1360
+13
🇹🇼 Wei · Taiwan
1350
+14
🇹🇼 Persians · Taiwan
1358
-16
1297
-13
🇩🇪 Koreans · Germany
1296
-13
🇩🇰 Turks · Denmark
1241
-11
Olli
0:52 Loom
18:13 Feudal Age
linyankuang0725
11:01 Feudal Age
15:23 Castle Age
13:40 Double-Bit Axe
14:01 Horse Collar
16:15 Bow Saw
Dongart
0:50 Loom
10:39 Feudal Age
13:36 Wheelbarrow
16:33 Castle Age
15:12 Double-Bit Axe
15:51 Horse Collar
电脑人-偷家鸡鸡短三寸-
4:00 Loom
10:15 Feudal Age
14:19 Castle Age
12:14 Double-Bit Axe
HilkZ
0:26 Loom
15:23 Feudal Age
19:17 Castle Age
18:08 Horse Collar
18:40 Double-Bit Axe
taj
11:12 Feudal Age
14:10 Castle Age
12:21 Double-Bit Axe
12:19 Horse Collar
Noobjoker
6:42 Loom
6:49 Loom
10:18 Feudal Age
15:30 Castle Age
14:01 Double-Bit Axe
14:36 Horse Collar
16:34 Scale Barding Armor
17:00 Bloodlines
18:07 Light Cavalry
Cambo
2:55 Loom
11:56 Feudal Age
12:54 Double-Bit Axe
15:28 Castle Age
13:51 Horse Collar
Connection lost

Rejoining the realm…

Still unreachable

The connection could not be restored.

Session expired

The server has moved on; the page needs a fresh start.